 Dungeon Crawl Stone Soup version 0.23.1 (webtiles) character file.

Game seed: 3071010947375333024

429 dvd the Chopper (level 6, -6/57 HPs)
             Began as a Deep Dwarf Monk on Mar 2, 2019.
             Mangled by Menkaure (8 damage)
             ... on level 4 of the Dungeon.
             The game lasted 00:08:58 (2563 turns).

dvd the Chopper (Deep Dwarf Monk)                   Turns: 2563, Time: 00:08:59

Health: -6/57      AC:  6    Str: 16    XL:     6   Next: 66%
Magic:  6/6        EV: 13    Int: 15    God:
Gold:   140        SH:  0    Dex: 15    Spells: 5/5 levels left

rFire    . . .     SeeInvis .   g - +1 hand axe (venom)
rCold    . . .     Gourm    .   (no shield)
rNeg     . . .     Faith    .   l - +0 ring mail
rPois    +         Spirit   .   (no helmet)
rElec    .         Reflect  .   f - +0 cloak
rCorr    .         Harm     .   (no gloves)
MR       .....                  (no boots)
Stlth    ++........             (no amulet)
HPRegen  0.00/turn              j - ring of poison resistance
MPRegen  0.10/turn              o - +4 ring of intelligence

@: non-regenerating
A: damage resistance, heal wounds, sense surroundings 1, no regeneration
a: Heal Wounds


You were on level 4 of the Dungeon.
You were not hungry.

You visited 1 branch of the dungeon, and saw 4 of its levels.

You collected 140 gold pieces.

Inventory:

Hand Weapons
 b - a +0 war axe
 g - a +1 hand axe of venom (weapon)
Missiles
 t - 8 tomahawks (quivered)
Armour
 f - a +0 cloak (worn)
 l - a +0 ring mail (worn)
 u - a +0 chain mail
Jewellery
 j - a ring of poison resistance (left hand)
 o - a +4 ring of intelligence (right hand)
Wands
 n - a wand of random effects (26)
Scrolls
 d - 2 scrolls of remove curse {unknown}
 e - a scroll of magic mapping {unknown}
 h - 3 scrolls of teleportation {unknown}
 k - a scroll of noise {unknown}
 q - 3 scrolls of identify {unknown}
 r - a scroll of immolation {unknown}
 v - a scroll of blinking {unknown}
Potions
 a - a potion of heal wounds
 m - a potion of lignification
Comestibles
 c - 6 rations


   Skills:
 + Level 3.6 Fighting
 + Level 5.3 Axes
 + Level 0.6 Throwing
 + Level 3.3 Armour
 + Level 4.9 Dodging
 + Level 3.0 Stealth


You had 5 spell levels left.
You didn't know any spells.
Your spell library was empty.

Dungeon Overview and Level Annotations

Branches:
Dungeon (4/15)
 Temple: D:4-7

Altars:
Qazlal

Annotations:
D:4 Menkaure


Innate Abilities, Weirdness & Mutations

You are resistant to damage.
You can heal yourself by infusing magical energy.
You passively map a small area around you.
You do not regenerate.


Message History

There is an escape hatch in the floor here.
Menkaure, Prince of Dust comes into view.
Menkaure shouts!
Menkaure calls on the powers of darkness!
Your body is wracked with pain!
You hit Menkaure.
Menkaure is lightly damaged.
You hit Menkaure.
Menkaure is moderately damaged.
Menkaure points at you and mumbles some strange words.
Pain shoots through your body!
* * * LOW HITPOINT WARNING * * *
You hit Menkaure.
Menkaure is heavily damaged.
Menkaure hits you!!
* * * LOW HITPOINT WARNING * * *
You hit Menkaure but do no damage.
Menkaure is heavily damaged.
Menkaure hits you!
You die...

##.# #.####.#,
.#.# #.# #.#.#
.#.# #.# #.#.#
.#.# #.# #.#.#
.#.# #.# #.#.#
.#.# #.# #.#.#
.#.# #.# #.#.#
.#.# #.# #.#M#
.#.######.####.#@#
.........>.....#.#
.###############.#
.## #.........#.#
..# #>#######.#.#
..# #.# #.#.# ..#
#.# #.#.# ..#
#.#######.#.# ..#
#.##......#.#


You could see Menkaure.

Vanquished Creatures
  4 orc wizards
  A bullfrog skeleton (D:4)
  3 orc priests
  An iguana (D:4)
  Ijyb (D:3)
  A worker ant (D:4)
  3 adders
  3 worms (D:2)
  A leopard gecko (D:1)
  14 orcs
  3 ball pythons
  10 bats
  9 giant cockroaches
  13 goblins
  8 hobgoblins
  A quokka (D:2)
  A frilled lizard (D:3)
  8 kobolds
  4 rats
89 creatures vanquished.

Notes
Turn   | Place    | Note
-------+----------+-------------------------------------------
     0 | D:1      | dvd the Deep Dwarf Monk began the quest for the Orb.
     0 | D:1      | Reached XP level 1. HP: 20/20 MP: 1/1
   204 | D:1      | Reached XP level 2. HP: 14/27 MP: 2/2
   508 | D:2      | Found a stormy altar of Qazlal.
   514 | D:2      | Noticed an earth elemental
   516 | D:2      | Noticed a fire elemental
   516 | D:2      | Noticed an air elemental
   516 | D:2      | Noticed a water elemental
   548 | D:2      | Reached XP level 3. HP: 14/34 MP: 3/3
  1107 | D:2      | Reached skill level 4 in Axes
  1107 | D:2      | Reached skill level 1 in Armour
  1107 | D:2      | Reached XP level 4. HP: 27/42 MP: 4/4
  1177 | D:3      | Noticed Ijyb
  1213 | D:3      | Killed Ijyb
  1345 | D:3      | Reached XP level 5. HP: 29/49 MP: 5/5
  2091 | D:4      | Reached XP level 6. HP: 8/56 MP: 6/6
  2118 | D:4      | Reached skill level 5 in Axes
  2475 | D:4      | Noticed a slave
  2555 | D:4      | Noticed Menkaure
  2562 | D:4      | HP: 2/57 [Menkaure (14)]
  2563 | D:4      | Mangled by Menkaure

Skill      XL: |  1  2  3  4  5  6 |
---------------+-------------------+-----
Fighting       | 3 |  3.6
Dodging        | 4 |  4.9
Axes           | 4 5 |  5.3
Armour         | 1 2 3 |  3.3
Stealth        | 3 |  3.0
Throwing       | |  0.6

Action                   |  1- 3 |  4- 6 || total
-------------------------+-------+-------++-------
Melee: Hand axe          |   181 |   157 ||   338
Throw: Throwing net      |     2 |     1 ||     3
       Tomahawk          |       |     6 ||     6
 Abil: Heal Wounds       |     2 |     4 ||     6
  Use: Potion            |     1 |     5 ||     6
 Stab: Sleeping          |     2 |     2 ||     4
       Held in net/web   |     1 |       ||     1
  Eat: Chunk             |     1 |     5 ||     6
Armor: Robe              |    17 |       ||    17
       Ring mail         |    38 |    58 ||    96
Dodge: Dodged            |   145 |    93 ||   238
